 Dungeon Crawl Stone Soup version 0.31-a0-278-g485e682e34 (webtiles) character file.

Game seed: 13096837479411803201

65 AdnanSaban the Covered (level 4, 0/29 HPs)
             Began as a Gargoyle Fighter on July 16, 2023.
             Slain by an orc
             ... wielding a +0 falchion
              (3 damage)
             ... on level 4 of the Dungeon.
             The game lasted 00:02:41 (2238 turns).

AdnanSaban the Covered (Gargoyle Fighter)           Turns: 2238, Time: 00:02:41

Health: 0/29       AC: 17    Str: 21    XL:     4   Next: 14%
Magic:  4/4        EV:  6    Int:  9    God:
Gold:   139        SH:  4    Dex:  9    Spells: 3/3 levels left

rFire   . . .        a - +0 flail
rCold   . . .        c - +0 buckler
rNeg    + . .        n - +0 plate armour
rPois   ∞            (no helmet)
rElec   +            o - +1 cloak
rCorr   .            (no gloves)
SInv    .            (no boots)
Will    .....        (no amulet) Stlth
                     (no ring)
HPRegen 0.24/turn    (no ring)
MPRegen 0.09/turn

%: no passive effects
@: no status effects
A: sickness immunity, AC +3, negative energy resistance 1, electricity
resistance, torment resistance 1, petrification resistance
a: no special abilities


You were on level 4 of the Dungeon.
You visited 1 branch of the dungeon, and saw 4 of its levels.

You collected 139 gold pieces.

Inventory:

Hand Weapons
 a - a +0 flail (weapon)
Armour
 c - a +0 buckler (worn)
 n - a +0 plate armour (worn)
 o - a +1 cloak (worn)
Scrolls
 b - 2 scrolls of identify {unknown}
 e - 3 scrolls of summoning {unknown}
 f - 3 scrolls of teleportation {unknown}
 h - a scroll of vulnerability {unknown}
 j - 2 scrolls of immolation {unknown}
 k - 2 scrolls of enchant armour {unknown}
 q - a scroll of brand weapon {unknown}
Potions
 d - 3 potions of might
 g - a potion of cancellation {unknown}
 i - a potion of curing {unknown}
 l - a potion of degeneration {unknown}
 m - a potion of brilliance {unknown}
 p - a potion of experience {unknown}


   Skills:
 + Level 3.8 Fighting
 + Level 3.0 Maces & Flails
 + Level 4.0 Armour
 + Level 3.6 Shields


You had 3 spell levels left.
You didn't know any spells.
Your spell library contained the following spells:

 Spells                   Type           Power      Damage    Failure   Level
 Blink                    Tloc           0%         N/A       100%        2
 Manifold Assault         Tloc           0%         N/A       100%        4


Dungeon Overview and Level Annotations

Branches:
Dungeon (4/15)
 Temple: D:4-7

Altars:
Ashenzari
Wu Jian


Innate Abilities, Weirdness & Mutations

You are immune to sickness and miasma.
Your stone body is resilient. (AC +3)
You are immune to poison.
You resist negative energy. (rN+)
You are resistant to electric shocks. (rElec)
You are resistant to unholy torment.
You are immune to petrification.


Message History

Beogh smites you! The orc hits you but does no damage.
You sock the orc!
You kill the orc!
You closely miss the orc priest. The orc barely misses you.
The orc priest hits you but does no damage.
You hit the orc priest but do no damage.
The orc hits you but does no damage.
The orc priest hits you but does no damage.
You block the orc priest's attack.
You completely miss the orc priest. The orc hits you but does no damage.
The orc priest mumbles some strange prayers to Beogh against you.
Pain shoots through your body!
You hit the orc priest.
The orc priest is heavily wounded.
The orc barely misses you.
The orc priest mumbles some strange prayers to Beogh against you.
You are unaffected.
The orc hits you with a +0 falchion.
You are too injured to fight recklessly!
You are too injured to fight recklessly!
You are too injured to fight recklessly!
You barely miss the orc priest.
The orc priest is heavily wounded.
The orc hits you but does no damage.
The orc priest calls down the wrath of Beogh upon you.
Beogh smites you!
* * * LOW HITPOINT WARNING * * *
You block the orc's attack. x2; The orc hits you but does no damage.
You block the orc priest's attack.
You closely miss the orc priest.
The orc priest is heavily wounded.
The orc hits you but does no damage. The orc barely misses you.
The orc priest hits you but does no damage.
You sock the orc priest!
The orc priest is almost dead.
The orc hits you but does no damage. x2
The orc priest hits you but does no damage.
You closely miss the orc priest.
The orc priest is almost dead.
The orc hits you but does no damage. The orc hits you with a +0 falchion.
You die...

#. >. .#
.# #.##
#..# #<##
##o##
#@o#
##o......
o......
.......
.......
.......
)......
.......


You could see an orc priest and 3 orcs.

Vanquished Creatures
  2 worms (D:2)
  A dart slug (D:1)
  An orc (D:4)
  10 endoplasms
  2 giant cockroaches
  7 goblins
  5 hobgoblins
  5 kobolds
  6 quokkas
  5 ball pythons
  A bat (D:1)
  A frilled lizard (D:2)
  2 rats
48 creatures vanquished.

Notes
Turn   | Place    | Note
-------+----------+-------------------------------------------
     0 | D:1      | AdnanSaban the Gargoyle Fighter began the quest for the
                  | Orb.
     0 | D:1      | Reached XP level 1. HP: 14/14 MP: 1/1
   153 | D:1      | Reached XP level 2. HP: 19/19 MP: 2/2
   906 | D:2      | Reached XP level 3. HP: 23/23 MP: 3/3
  1809 | D:3      | Reached skill level 4 in Armour
  1828 | D:3      | Reached XP level 4. HP: 16/29 MP: 4/4
  1843 | D:3      | Identified the +6 battleaxe of Zugoegei {freeze, rN+
                  | Stlth+}
  2025 | D:3      | Found a broken altar of Ashenzari.
  2122 | D:3      | Found an ornate altar of the Wu Jian Council.
  2238 | D:4      | Slain by an orc

Illustrated notes

Levels and vault maps discovered:
D:1:      pf_arrival_petrified_forest, layout_basic
D:2:      layout_loops_ring, kennysheep_generic_room_11
D:3:      layout_rooms, lemuel_tele_altar, ashenzari_altar_1
D:4:      layout_cave_pods, doesnt_xom_only_xom

Skill      XL: |  1  2  3  4 |
---------------+-------------+-----
Armour         | 4 |  4.0
Maces & Flails | 3 |  3.0
Fighting       | |  3.8
Shields        | |  3.6

Action                     |  1- 3 |  4- 6 || total
---------------------------+-------+-------++-------
  Melee: Flail             |   159 |    22 ||   181
 Armour: Scale mail        |    50 |       ||    50
         Plate armour      |    30 |    22 ||    52
  Dodge: Dodged            |    47 |     6 ||    53
  Block: Buckler           |    28 |     6 ||    34

Table legend: (Time is in decaauts)
 A = Elapsed time spent in this place.
 B = Non-inter-level travel time spent in this place.
 C = Inter-level travel time spent in this place.
 D = Time resting spent in this place.
 E = Time spent auto-exploring this place.
 F = Levels seen in this place.
 G = Mean time per level.
                   A        B        C        D        E       F      G
               +--------+--------+--------+--------+--------+-----+--------+
         Total |   2293 |   2180 |    113 |      0 |   1727 |   4 |  573.2 |
       Dungeon |   2293 |   2180 |    113 |      0 |   1727 |   4 |  573.2 |
               +--------+--------+--------+--------+--------+-----+--------+

Top non-repeatable levels by time:
     D:1: 893 daAuts
     D:2: 879 daAuts
     D:3: 505 daAuts
     D:4: 14 daAuts
